 Dungeon Crawl Stone Soup version 0.31-a0-925-g0a390f2509 (webtiles) character file.

Game seed: 13059316832424560290

182831 Getoffmy the Convoker (level 17, -2/96 HPs)
             Began as a Gargoyle Earth Elementalist on Oct 14, 2023.
             Was an Elder of Vehumet.
             Slain by a redback (12 damage)
             ... on level 3 of the Lair of Beasts on Oct 18, 2023.
             The game lasted 02:39:22 (48330 turns).

Getoffmy the Convoker (GrEE)                       Turns: 48330, Time: 02:39:23

Health: -2/96      AC: 26    Str: 13    XL:     17   Next: 98%
Magic:  16/35      EV: 11    Int: 23    God:    Vehumet [****..]
Gold:   165        SH:  9    Dex: 10    Spells: 5/45 levels left

rFire   . . .        H - staff of earth
rCold   . . .        d - +0 buckler
rNeg    + . .        D - +2 steam dragon scales
rPois   ∞            f - +0 helmet
rElec   +            M - +0 cloak
rCorr   .            A - +1 pair of gloves {Stlth+}
SInv    +            w - +2 pair of boots {Stlth+}
Will    +....        l - amulet of reflection
Stlth   ++++         q - +4 ring of protection
HPRegen 0.36/turn    S - ring of see invisible
MPRegen 0.24/turn

%: reflection
@: about to teleport, corroded, on berserk cooldown, flying, slowed, very slow
A: sickness immunity, AC +12, big wings, negative energy resistance 1,
electricity resistance, torment resistance 1, petrification resistance
}: 1/15 runes: barnacled
a: Renounce Religion


You were on level 3 of the Lair of Beasts.
You worshipped Vehumet.
Vehumet was greatly pleased with you.
You visited 6 branches of the dungeon, and saw 28 of its levels.
You visited 1 bazaar.

You collected 2921 gold pieces.
You spent 2756 gold pieces at shops.

Inventory:

Missiles
 c - 335 stones
 C - 2 throwing nets
Armour
 d - a +0 buckler (worn)
 f - a +0 helmet (worn)
 w - a +2 pair of boots of stealth (worn)
 A - a +1 pair of gloves of stealth (worn)
 D - +2 steam dragon scales (worn)
 M - a +0 cloak (worn)
Magical Staves
 H - a staff of earth (weapon)
 J - a staff of conjuration
 T - a staff of fire
Jewellery
 a - a ring of positive energy
 j - a ring of willpower
 l - an amulet of reflection (around neck)
 q - a +4 ring of protection (left hand)
 I - an amulet of regeneration
 S - a ring of see invisible (right hand)
 U - a ring of protection from cold
 W - a ring of fire
Wands
 e - a wand of digging (17)
 y - a wand of acid (7)
 B - a wand of flame (70)
 Y - a wand of mindburst (16)
Scrolls
 i - 4 scrolls of teleportation
 k - 3 scrolls of enchant armour
 m - 4 scrolls of immolation
 n - 3 scrolls of fear
 p - 4 scrolls of fog
 s - 4 scrolls of blinking
 x - 11 scrolls of identify
 G - 5 scrolls of enchant weapon
 K - 3 scrolls of vulnerability
 N - a scroll of torment
 O - 2 scrolls of poison
 Q - 7 scrolls of noise
 Z - a scroll of revelation
Potions
 b - 3 potions of magic
 g - 5 potions of lignification
 h - 13 potions of curing
 r - 3 potions of resistance
 t - 3 potions of heal wounds
 u - 2 potions of mutation
 v - 8 potions of attraction
 z - 3 potions of cancellation
 E - 2 potions of enlightenment
 F - a potion of invisibility
 L - 5 potions of berserk rage
 P - 9 potions of ambrosia
 R - a potion of haste
 V - 2 potions of might
 X - 3 potions of brilliance


   Skills:
 + Level 7.2 Fighting
 - Level 1.5 Dodging
 - Level 2.1 Stealth
 - Level 4.0 Shields
 + Level 14.8 Spellcasting
 - Level 13.5 Conjurations
 * Level 18.9 Summonings
 - Level 0.7 Transmutations
 - Level 8.1 Fire Magic
 - Level 12.0 Earth Magic


You had 5 spell levels left.
You knew the following spells:

 Your Spells              Type           Power      Damage    Failure   Level
a - Sandblast             Erth           100%       2d20      1%          1
b - Stone Arrow           Conj/Erth      100%       3d13      1%          3
c - Passwall              Tmut/Erth      51%        N/A       1%          2
d - Monstrous Menagerie   Summ           40%        N/A       1%          7
e - Freezing Cloud        Conj/Ice/Air   18%        6-21      5%          5
f - Fireball              Conj/Fire      30%        3d13      1%          5
g - Summon Hydra          Summ           40%        N/A       1%          7
h - Flame Wave            Conj/Fire      61%        2d14      1%          4
i - Bombard               Conj/Erth      42%        9d7       1%          6

Your spell library contained the following spells:

 Spells                   Type           Power      Damage    Failure   Level
 Eringya's Noxious Bog    Tmut/Pois      9%         4d6       80%         6
 Magic Dart               Conj           100%       1d8       0%          1
 Call Imp                 Summ           100%       N/A       0%          2
 Freeze                   Ice            68%        1d8       1%          1
 Momentum Strike          Conj/Tloc      96%        3d10      1%          2
 Hailstorm                Conj/Ice       48%        3d11      1%          3
 Ignite Poison            Fire/Tmut/Pois 30%        N/A       1%          3
 Inner Flame              Hex/Fire       35%        N/A       1%          3
 Mephitic Cloud           Conj/Pois/Air  37%        N/A       1%          3
 Animate Armour           Summ/Erth      100%       N/A       1%          4
 Brom's Barrelling Bould  Conj/Erth      85%        2d10      1%          4
 Sticky Flame             Conj/Fire      61%        2d8       1%          4
 Summon Ice Beast         Ice/Summ       57%        N/A       1%          4
 Summon Lightning Spire   Summ/Air       57%        N/A       1%          4
 Lee's Rapid Deconstruct  Erth           41%        3d20*     1%          5
 Summon Mana Viper        Hex/Summ       57%        N/A       2%          5
 Leda's Liquefaction      Hex/Erth       30%        N/A       3%          4
 Petrify                  Tmut/Erth      62%        N/A       3%          4
 Wereblood                Tmut           20%        N/A       4%          2
 Frozen Ramparts          Ice            34%        1d6       4%          3
 Blink                    Tloc           34%        N/A       7%          2
 Lesser Beckoning         Tloc           34%        N/A       7%          2
 Yara's Violent Unravell  Hex/Tmut       9%         3d6       28%         5
 Cause Fear               Hex            8%         N/A       41%         4
 Manifold Assault         Tloc           17%        N/A       41%         4
 Metabolic Englaciation   Hex/Ice        8%         N/A       77%         5
 Conjure Ball Lightning   Conj/Air       24%        3x3d7     12%         6
 Dragon's Call            Summ           40%        N/A       89%         9
 Dispersal                Tloc           8%         N/A       100%        6
 Simulacrum               Ice/Necr       8%         N/A       100%        6
 Enfeeble                 Hex            8%         N/A       100%        7
 Discord                  Hex            8%         N/A       100%        8
 Disjunction              Tloc           8%         N/A       100%        8
 Cigotuvi's Dreadful Rot  Necr/Pois/Air  Unusable   N/A       N/A         2
 Sublimation of Blood     Necr           Unusable   N/A       N/A         2

Dungeon Overview and Level Annotations

Branches:
Dungeon (15/15)            Temple (1/1) D:7            Lair (5/5) D:11
 Shoals (4/4) Lair:2       Spider (1/4) Lair:3        Slime (0/5) Lair:5
    Orc (2/2) D:11            Elf (0/3) Orc:2        Vaults (0/5) D:14
 Depths (0/4) D:15

Altars:
Ashenzari
Cheibriados
Dithmenos
Elyvilon
Fedhas
Gozag
Hepliaklqana
Kikubaaqudgha
Makhleb
Nemelex Xobeh
Okawaru
Qazlal
Ru
Trog
Uskayaw
Vehumet
Wu Jian
Xom
Yredelemnul
Zin
The Shining One
Jiyva

Shops:
D:3 ((:   D:11 *   D:12 *   D:13 *   Orc:1 *   Orc:2 :!=!   Shoals:3 =
Shoals:4 ?[*(


Innate Abilities, Weirdness & Mutations

You are immune to sickness and miasma.
Your stone body is resilient. (AC +12)
You are immune to poison.
Your large and strong wings let you fly.
You resist negative energy. (rN+)
You are resistant to electric shocks. (rElec)
You are resistant to unholy torment.
You are immune to petrification.


Message History

The culicivora is engulfed in freezing vapours.
The redback is engulfed in freezing vapours.
The redback bites you but does no damage.
The moth of wrath is engulfed in freezing vapours.
The moth of wrath angrily waves its antennae.
The moth of wrath goads the redback on!
The redback goes berserk!
The moth of wrath goads the culicivora on!
The culicivora goes berserk!
The wolf spider is engulfed in freezing vapours.
You block the wolf spider's attack. The wolf spider bites you!
You block the redback's attack.
The culicivora rages.
The redback is engulfed in freezing vapours.
The redback closely misses you.
The moth of wrath is engulfed in freezing vapours.
You kill the moth of wrath!
Vehumet accepts your kill.
You feel your power returning.
The wolf spider is engulfed in freezing vapours.
The wolf spider hits you!
* * * LOW HITPOINT WARNING * * *
The wolf spider bites you but does no damage.
The redback closely misses you.
The redback is engulfed in freezing vapours.
The wolf spider is engulfed in freezing vapours.
The redback bites you but does no damage.
The wolf spider hits you!
* * * LOW HITPOINT WARNING * * *
The wolf spider bites you.
* * * LOW HITPOINT WARNING * * *
You block the redback's attack.
The redback bites you but does no damage.
The wolf spider barely misses you. The wolf spider closely misses you.
Blink to where?
Press: ? - help, Dir - move target
As you read the scroll of blinking, it crumbles to dust.
The redback rages.
As you read the scroll of teleportation, it crumbles to dust.
You feel strangely unstable. The redback bites you!
You die...

.# ##..s.......#..# ##.... .##
##...........## ##..# ..#
###...#.#.#..# #..## .##
#....#...#..P# ##.# .##
###..#.s.#..## ##.# ..#
##....ss..# #P.# .## ##.###...#
#####.## ..#####
##..#..s.#########.##...#
.P.##.###.......@.##P.#......|.##
.........................##.####
..............#.###.##.######
..####....P###### #.#### ..#
####### ### .## ##


You could see a wolf spider (berserk), a culicivora (berserk) and 2 redbacks.

Vanquished Creatures
  Kirke (Shoals:1)
  An emperor scorpion (Spider:1)
  A broodmother (Lair:3)
  Snorg (Lair:3)
  5 merfolk impalers
  A fire dragon (D:9)
  5 merfolk javelineers
  Josephine (D:12)
  3 hydras
  An ogre mage (D:15)
  Erolcha (D:13)
  4 boulder beetles
  2 merfolk avatars
  5 centaur warriors
  13 two-headed ogres
  A sphinx skeleton (D:15)
  A tengu warrior (D:14)
  5 satyrs
  4 death yaks
  5 orc high priests (Orc:2)
  2 skysharks
  Nergalle (Orc:1)
  A pharaoh ant (Lair:3)
  8 sea snakes
  7 harpies
  4 swamp dragons (Lair:1)
  3 occultists
  Pikel (D:7)
  3 deep elf zephyrmancers
  2 steelbarb worms (Spider:1)
  A necromancer (D:15)
  8 ugly things
  A lindwurm (Lair:3)
  3 wolf spiders
  3 orc sorcerers
  2 deep elf pyromancers
  12 orc knights
  6 cyclopes
  10 manticores
  13 fauns
  A black mamba (Lair:2)
  19 elephants
  A nameless horror (Shoals:3)
  9 merfolk sirens
  A centaur zombie (D:15)
  A moth of wrath (Lair:3)
  An ice statue (Lair:2)
  2 water nymphs
  11 cane toads
  Joseph (D:10)
  2 unseen horrors (D:12)
  A torpor snail (Lair:2)
  3 kobold demonologists
  4 yaktaurs (D:15)
  Maggie (D:7)
  A tengu conjurer (D:9)
  3 efreet
  2 freezing wraiths
  6 komodo dragons
  3 rime drakes
  14 merfolk
  A queen bee (Lair:2)
  7 polar bears
  6 trolls
  4 meliai
  A meliai (shapeshifter) (D:15)
  Grinder (D:5)
  Prince Ribbit (D:7)
  4 tarantellas
  8 hornets
  A meliai zombie (D:15)
  8 wind drakes
  18 blink frogs
  6 snapping turtles
  2 jumping spiders
  9 dream sheep
  14 spriggans (Lair:5)
  A culicivora (Lair:3)
  9 slime creatures
  4 water elementals
  44 yaks
  A shadow (D:12)
  8 wraiths
  5 basilisks
  7 hogs (Shoals:1)
  15 wyverns
  3 steam dragons
  3 redbacks
  7 vampire mosquitoes
  6 wargs
  12 water moccasins
  6 acid dragons
  33 orc warriors
  A black bear (shapeshifter) (D:14)
  4 black bears
  8 ice beasts
  8 ogres
  4 boggarts (Lair:5)
  2 sky beasts
  A tengu (shapeshifter) (D:13)
  31 wolves
  A lemure (D:7)
  11 centaurs
  5 kobold brigands
  4 gnoll sergeants
  13 bullfrogs
  5 scorpions
  15 wights
  39 killer bees
  2 electric eels (D:15)
  3 howler monkeys
  4 jellies
  30 orc priests
  A gnoll bouda (D:9)
  Ijyb (D:5)
  3 iguanas
  20 orc wizards
  16 gnolls
  4 adders
  A shadow imp (D:7)
  5 white imps
  2 ufetubi (D:5)
  2 worms
  2 dart slugs
  85 orcs
  4 ball pythons
  9 bats
  8 endoplasms
  3 giant cockroaches
  7 goblins
  7 hobgoblins
  A quokka (D:2)
  3 frilled lizards
  22 kobolds
  5 rats
896 creatures vanquished.

Vanquished Creatures (collateral kills)
  The ghost of Mungiw the Peltast, an adept MiBe of Trog (Shoals:2)
  A formless jellyfish (Shoals:4)
  A merfolk impaler (Shoals:4)
  3 merfolk avatars
  2 merfolk aquamancers
  3 alligator snapping turtles (Shoals:4)
  4 sea snakes
  6 harpies
  6 fauns (Shoals:2)
  A manticore (Shoals:4)
  A cyclops (Shoals:3)
  A merfolk siren (Shoals:3)
  A water nymph (Shoals:3)
  13 merfolk
  4 wind drakes
  4 snapping turtles
  A tarantella (Spider:1)
  2 blink frogs (Lair:5)
  13 boulders
68 creatures vanquished.

Vanquished Creatures (others)
  A sea snake (Shoals:4)
  19 boulders
20 creatures vanquished.

Grand Total: 984 creatures vanquished

Notes
Turn   | Place    | Note
-------+----------+-------------------------------------------
     0 | D:1      | Getoffmy the Gargoyle Earth Elementalist began the quest
                  | for the Orb.
     0 | D:1      | Reached XP level 1. HP: 10/10 MP: 3/3
   278 | D:1      | Reached XP level 2. HP: 15/15 MP: 0/5
   864 | D:2      | Reached XP level 3. HP: 19/19 MP: 6/6
   994 | D:2      | Reached skill level 5 in Earth Magic
  1535 | D:3      | Found Kaluag's Weapon Shop.
  1576 | D:3      | Reached XP level 4. HP: 20/24 MP: 8/8
  1861 | D:3      | Learned a level 3 spell: Stone Arrow
  1864 | D:3      | Learned a level 2 spell: Passwall
  1996 | D:3      | Got a decrepit book
  2075 | D:3      | Reached XP level 5. HP: 27/28 MP: 6/9
  2158 | D:3      | Found Xecan's Book Shop.
  2403 | D:3      | Found Keamedeo's Antique Weapon Emporium.
  2822 | D:4      | Found an iron altar of Okawaru.
  3634 | D:5      | Entered Level 5 of the Dungeon
  3706 | D:5      | Found a shimmering altar of Xom.
  3707 | D:5      | Found a hide-covered altar of Uskayaw.
  3737 | D:5      | Noticed Ijyb
  3798 | D:5      | Noticed Grinder
  4037 | D:5      | Noticed a water moccasin
  4238 | D:5      | Reached skill level 1 in Conjurations
  4238 | D:5      | Reached XP level 6. HP: 32/32 MP: 7/11
  4291 | D:5      | Killed Grinder
  4292 | D:5      | Reached XP level 7. HP: 33/36 MP: 4/13
  5033 | D:6      | Reached skill level 5 in Conjurations
  5033 | D:6      | Reached XP level 8. HP: 41/41 MP: 7/14
  5268 | D:5      | Upgraded the game from 0.31-a0-876-gfe8ebadbca to
                  | 0.31-a0-879-g1609e0ac53
  5312 | D:5      | Killed Ijyb
  5468 | D:6      | Found a stormy altar of Qazlal.
  5470 | D:6      | Found a broken altar of Ashenzari.
  5777 | D:6      | Reached skill level 5 in Spellcasting
  6507 | D:6      | Found a snail-covered altar of Cheibriados.
  6590 | D:7      | Reached XP level 9. HP: 45/45 MP: 4/17
  6741 | D:7      | Noticed Pikel
  6754 | D:7      | Killed Pikel
  6914 | D:7      | Found a staircase to the Ecumenical Temple.
  6923 | D:7      | Noticed Maggie
  6928 | D:7      | Killed Maggie
  6953 | Temple   | Entered the Ecumenical Temple
  6962 | Temple   | Became a worshipper of Vehumet
  7104 | D:7      | Noticed Prince Ribbit
  7109 | D:7      | Killed Prince Ribbit
  7369 | D:7      | Learned a level 4 spell: Brom's Barrelling Boulder
  7834 | D:8      | Noticed a hornet
  7843 | D:8      | Killed a hornet
  7844 | D:8      | Reached skill level 10 in Earth Magic
  7928 | D:8      | Learned a level 4 spell: Animate Armour
  7979 | D:8      | Reached XP level 10. HP: 50/50 MP: 13/20
  8223 | D:8      | Reached skill level 1 in Summonings
  9190 | D:9      | Reached skill level 10 in Conjurations
  9190 | D:9      | Reached skill level 2 in Summonings
  9281 | D:9      | Noticed a cyclops
  9286 | D:9      | Killed a cyclops
  9303 | D:9      | Noticed a cyclops
  9366 | D:9      | Noticed a two-headed ogre
  9372 | D:9      | Killed a two-headed ogre
  9383 | D:9      | Killed a cyclops
  9384 | D:9      | Reached skill level 3 in Summonings
  9696 | D:9      | Noticed a purple ugly thing
  9703 | D:9      | Reached XP level 11. HP: 22/54 MP: 5/23
  9703 | D:9      | Killed a purple ugly thing
  9983 | D:9      | Noticed a cyclops
  9987 | D:9      | Killed a cyclops
 10047 | D:9      | Reached * piety under Vehumet
 10047 | D:9      | Offered knowledge of Magic Dart by Vehumet.
 10071 | D:9      | Reached skill level 4 in Summonings
 10307 | D:9      | Noticed a cyclops
 10309 | D:9      | Killed a cyclops
 10315 | D:9      | Noticed a two-headed ogre
 10318 | D:9      | Killed a two-headed ogre
 10551 | D:9      | Noticed a two-headed ogre
 10591 | D:9      | Killed a two-headed ogre
 11036 | D:9      | Found a basalt altar of Yredelemnul.
 11093 | D:9      | Reached skill level 10 in Spellcasting
 11112 | D:9      | Found a shadowy altar of Dithmenos.
 11194 | D:9      | Offered knowledge of Poisonous Vapours by Vehumet.
 11195 | D:9      | Reached skill level 5 in Summonings
 11326 | D:9      | Reached ** piety under Vehumet
 11829 | D:9      | Noticed a two-headed ogre
 11834 | D:9      | Killed a two-headed ogre
 11837 | D:9      | Reached XP level 12. HP: 59/59 MP: 12/26
 11871 | D:9      | Reached skill level 6 in Summonings
 11871 | D:9      | Noticed a fire dragon
 12545 | D:9      | Noticed a two-headed ogre
 12553 | D:9      | Killed a two-headed ogre
 12554 | D:9      | Reached skill level 7 in Summonings
 12773 | D:9      | Killed a fire dragon
 13021 | D:10     | Entered Level 10 of the Dungeon
 13331 | D:10     | Noticed a two-headed ogre
 13339 | D:10     | Killed a two-headed ogre
 13544 | D:10     | Noticed a two-headed ogre
 13548 | D:10     | Killed a two-headed ogre
 13549 | D:10     | Reached skill level 8 in Summonings
 13761 | D:10     | Found a white marble altar of Elyvilon.
 13761 | D:10     | Found a glowing golden altar of the Shining One.
 13761 | D:10     | Found a glowing silver altar of Zin.
 13890 | D:10     | Noticed Joseph
 13894 | D:10     | Paralysed by Joseph for 2 turns
 13897 | D:10     | Killed Joseph
 14246 | D:11     | Noticed a boulder beetle
 14263 | D:11     | Killed a boulder beetle
 14593 | D:11     | Found a staircase to the Lair.
 14814 | D:11     | Reached skill level 9 in Summonings
 15090 | D:11     | Offered knowledge of Dazzling Flash by Vehumet.
 15229 | D:11     | Found a staircase to the Orcish Mines.
 15277 | D:11     | Found Tearhugi's Fire Supplies.
 15283 | D:11     | Bought the Directory of Fever for 280 gold pieces
 15283 | D:11     | Bought a staff of fire for 350 gold pieces
 15791 | Lair:1   | Entered Level 1 of the Lair of Beasts
 15876 | Lair:1   | Reached *** piety under Vehumet
 16317 | Lair:1   | Reached XP level 13. HP: 56/63 MP: 16/27
 16317 | Lair:1   | Found a transporter.
 16403 | Lair:1   | Offered knowledge of Volatile Blastmotes by Vehumet.
 16597 | Lair:1   | Reached skill level 10 in Summonings
 16794 | Lair:1   | Learned a level 5 spell: Fireball
 16802 | Lair:1   | Learned a level 7 spell: Summon Hydra
 16931 | Lair:1   | Found a transporter.
 17050 | Lair:1   | Reached skill level 1 in Fire Magic
 17228 | Lair:1   | Upgraded the game from 0.31-a0-879-g1609e0ac53 to
                  | 0.31-a0-881-ge136f0c47a
 17788 | Lair:2   | Reached skill level 1 in Fighting
 18032 | Lair:1   | Reached **** piety under Vehumet
 18406 | Lair:2   | Offered knowledge of Olgreb's Toxic Radiance by Vehumet.
 18413 | Lair:2   | Learned a level 4 spell: Flame Wave
 19183 | Lair:2   | Reached skill level 5 in Fire Magic
 19217 | Lair:2   | Found a staircase to the Shoals.
 19451 | Lair:2   | Reached ***** piety under Vehumet
 20297 | Lair:2   | Identified the +0 swamp dragon scales of Pumun {rPois
                  | Will+}
 20362 | Lair:3   | Reached skill level 11 in Summonings
 20364 | Lair:3   | Offered knowledge of Fulminant Prism by Vehumet.
 20552 | Lair:3   | Noticed Snorg
 20693 | Lair:3   | Killed Snorg
 20694 | Lair:3   | Reached skill level 5 in Fighting
 20755 | Lair:3   | Gained mutation: Your large and strong wings let you fly.
                  | [Gargoyle growth]
 20755 | Lair:3   | Reached XP level 14. HP: 78/78 MP: 21/28
 20905 | Lair:3   | Found a hole to the Spider Nest.
 21165 | Lair:3   | Found a sacrificial altar of Ru.
 23138 | Lair:4   | Reached skill level 12 in Summonings
 23926 | Lair:5   | Entered Level 5 of the Lair of Beasts
 24099 | Lair:5   | Upgraded the game from 0.31-a0-881-ge136f0c47a to
                  | 0.31-a0-920-g28cbb04a8c
 25161 | Lair:5   | Offered knowledge of Iskenderun's Mystic Blast by Vehumet.
 25169 | Lair:5   | Reached skill level 13 in Summonings
 25584 | Lair:5   | Reached XP level 15. HP: 84/84 MP: 18/30
 25660 | Lair:5   | Found the +15 Maxwell's patent armour {-Cast -Tele rElec
                  | Will+ rCorr}
 25704 | Lair:5   | Found a runed translucent door.
 25705 | Lair:5   | Found a viscous altar of Jiyva.
 25710 | Lair:5   | Found a staircase to the Slime Pits.
 26675 | D:12     | Found Hagy's Assorted Antiques.
 26693 | D:12     | Bought a scroll of blinking for 195 gold pieces
 26693 | D:12     | Bought a scroll of identify for 52 gold pieces
 26704 | D:12     | Noticed Josephine
 26728 | D:12     | Killed Josephine
 27543 | D:12     | Reached skill level 14 in Summonings
 27650 | D:12     | Learned a level 6 spell: Bombard
 28214 | Orc:1    | Entered Level 1 of the Orcish Mines
 28288 | Orc:1    | Noticed Nergalle
 28290 | Orc:1    | Killed Nergalle
 28818 | Orc:1    | Found Uning's Overcharged Wands.
 29018 | Orc:2    | Entered Level 2 of the Orcish Mines
 29308 | Orc:2    | Offered knowledge of Iskenderun's Battlesphere by Vehumet.
 30445 | Orc:2    | Reached skill level 1 in Shields
 30650 | Orc:2    | Found a staircase to the Elven Halls.
 32114 | Orc:2    | Offered knowledge of Plasma Beam by Vehumet.
 32823 | Orc:2    | Found Necvant's Distillery.
 32823 | Orc:2    | Found Zos Ylamni's Book Shoppe.
 32824 | Orc:2    | Found Gizett's Jewellery Shoppe.
 32824 | Orc:2    | Found Toheryac's Distillery.
 32833 | Orc:2    | Bought a potion of heal wounds for 70 gold pieces
 32833 | Orc:2    | Bought a potion of heal wounds for 70 gold pieces
 32833 | Orc:2    | Bought a potion of invisibility for 112 gold pieces
 32840 | Orc:2    | Bought a Trismegistus Codex for 468 gold pieces
 32840 | Orc:2    | Bought a book of Beasts for 684 gold pieces
 33928 | D:13     | Reached skill level 15 in Summonings
 34226 | D:13     | Found Onlahea's Assorted Antiques.
 34311 | D:13     | Noticed Erolcha
 34320 | D:13     | Killed Erolcha
 34683 | D:14     | Reached XP level 16. HP: 47/90 MP: 11/32
 35039 | D:14     | Found a gate to the Vaults.
 36525 | D:15     | Entered Level 15 of the Dungeon
 37462 | D:15     | Reached skill level 16 in Summonings
 37589 | D:15     | Found a staircase to the Depths.
 38002 | Spider:1 | Entered Level 1 of the Spider Nest
 38009 | Spider:1 | Learned a level 5 spell: Freezing Cloud
 38130 | D:13     | Bought a scroll of amnesia for 108 gold pieces
 39528 | Shoals:1 | Entered Level 1 of the Shoals
 39950 | Shoals:1 | Noticed Kirke
 40445 | Shoals:1 | Killed Kirke
 41297 | Shoals:1 | Found a runed translucent door.
 42318 | Shoals:2 | Found a runed translucent gate.
 42318 | Shoals:2 | Found a runed translucent gate.
 42318 | Shoals:2 | Found a runed translucent gate.
 42322 | Shoals:2 | Noticed Mungiw's ghost (adept MiBe)
 42326 | Shoals:2 | Reached skill level 17 in Summonings
 42948 | Shoals:2 | Offered knowledge of Irradiate by Vehumet.
 43502 | Shoals:2 | Killed Mungiw's ghost
 43503 | Shoals:2 | Reached XP level 17. HP: 73/94 MP: 0/34
 43650 | Shoals:2 | Learned a level 7 spell: Monstrous Menagerie
 43906 | Shoals:3 | Upgraded the game from 0.31-a0-920-g28cbb04a8c to
                  | 0.31-a0-925-g0a390f2509
 44477 | Shoals:3 | Identified the +11 rapier of Youthful Indiscretion
                  | {antimagic, rN+}
 44958 | Shoals:3 | Reached skill level 18 in Summonings
 45358 | Shoals:3 | Found Luyf's Jewellery Boutique.
 45662 | Shoals:4 | Entered Level 4 of the Shoals
 45662 | Shoals:4 | Found Zaasoria's General Store.
 45678 | Shoals:4 | Bought a scroll of blinking for 120 gold pieces
 46182 | Shoals:4 | Offered knowledge of Eringya's Noxious Bog by Vehumet.
 46288 | Shoals:4 | Found Cacogi Guja's Weapon Shop.
 46440 | Shoals:4 | Found Gaxotz's Armour Emporium.
 46440 | Shoals:4 | Found Xipu's Magic Scroll Emporium.
 46704 | Shoals:4 | Found a flickering gateway to a bazaar.
 46715 | Bazaar   | Entered a bazaar
 46716 | Bazaar   | Found Tomess's Distillery.
 46716 | Bazaar   | Found Gaibif's Jewellery Boutique.
 46717 | Bazaar   | Found Elocrodd's Assorted Antiques.
 46792 | Bazaar   | Found Otseif's Antique Weapon Emporium.
 46815 | Bazaar   | Bought a scroll of teleportation for 75 gold pieces
 46826 | Bazaar   | Bought a potion of heal wounds for 45 gold pieces
 47094 | Shoals:4 | Bought a scroll of revelation for 127 gold pieces
 47152 | Shoals:4 | Identified the +0 plate armour "Sotoroto" {Str-4 Int+4
                  | Dex+8}
 47349 | Shoals:4 | Got a barnacled rune of Zot
 48330 | Lair:3   | Slain by a redback

Illustrated notes

Levels and vault maps discovered:
D:1:      psy_arrival_fountain, layout_rooms
D:2:      layout_loops_ring, grunt_decor_fettered
D:3:      layout_basic, serial_shops, shop, nicolae_shop_peninsula,
          nicolae_shop_advertising_works [nicolae_subvault_shop_adworks],
          kennysheep_crisscross, item_on_display_a
D:4:      layout_basic, okawaru_altar_gauntlet_db, minmay_misc_feat_cross
D:5:      layout_cave_pools, mainiacjoe_overflow_divided_tiny, uniq_grinder,
          uniq_ijyb
D:6:      layout_rooms, nicolae_overflow_hidden_temple, moated_statue
D:7:      layout_loops_ring, minmay_temple_entry_trees,
          nicolae_fountain_basement, uniq_pikel, uniq_maggie,
          uniq_prince_ribbit1
D:8:      layout_gridville
D:9:      minmay_the_grid_square_5x5_4x4 [minmay_the_grid_square_5x5_three,
          minmay_the_grid_square_5x5_fat_x,
          minmay_the_grid_square_5x5_two_small,
          minmay_the_grid_square_5x5_moneybag, minmay_the_grid_square_5x5_empty,
          minmay_the_grid_square_5x5_prize_monsterx,
          minmay_the_grid_square_5x5_prize_open,
          minmay_the_grid_square_5x5_broken_cross,
          minmay_the_grid_square_5x5_n_small,
          minmay_the_grid_square_5x5_prize_itemx,
          minmay_the_grid_square_5x5_prize_waves,
          minmay_the_grid_square_5x5_shuriken,
          minmay_the_grid_square_5x5_longway,
          minmay_the_grid_square_5x5_tetrominoes,
          minmay_the_grid_square_5x5_inverted_slash,
          minmay_the_grid_square_5x5_half_checkered], layout_loops_corners,
          mainiacjoe_overflow_24_doors, mainiacjoe_overflow_tiny_flanked,
          nicolae_doodle_vault
D:10:     layout_long_grid, dreamdust_divine_triumvirate, uniq_joseph
D:11:     layout_stronghold, erik_lair_orcish_takeover, orc_0_dummy,
          nicolae_shop_fire_sale [nicolae_sub_dead_trees]
D:12:     layout_basic, serial_shops, nicolae_shop_overgrown_old_shop,
          uniq_josephine
D:13:     layout_loops_ring, serial_shops, nicolae_shop_tiny_real_fake_doors,
          uniq_erolcha
D:14:     layout_loops_corners, david_vaults_1, minmay_misc_feat_columns,
          nrook_mini_backslash
D:15:     grunt_enter_depths_magical_seal, layout_irregular_city,
          serial_bayou_shore_a, nicolae_wand_duel, kennysheep_pointless_box
Temple:   hellmonk_temple_flake
Lair:1:   gammafunk_cloud_chamber, layout_chaotic_city
Lair:2:   layout_roguey [special_room_bee], elwin_shoals_entry_rooms,
          ice2_lemuel, infiniplex_staircase_pool_2
Lair:3:   layout_loops_ring, nicolae_spider_entry_lesser_pyramids, basic_altar,
          uniq_snorg
Lair:4:   layout_cave_pods, nicolae_lair_grazing_beasts
          [nicolae_sub_lair_graze_edge, nicolae_sub_lair_graze_edge,
          nicolae_sub_lair_graze_edge, nicolae_sub_lair_graze_edge],
          grunt_megastairs_3, lemuel_fruit_fields
Lair:5:   minmay_lair_end_enchanted_forest, layout_gridlike, slime_entry_2
Shoals:1: layout_shoals, lightli_airlock, uniq_kirke
Shoals:2: layout_shoals, ebering_ghost_rock_garden
Shoals:3: layout_shoals, serial_shops, shop
Shoals:4: shoals_end_simple, layout_shoals, serial_shops, bzr_entry_customers,
          shop, shop, shop, shop
Spider:1: layout_chambers, hangedman_spider_tarantella_strand
Orc:1:    layout_diamond_mine, nicolae_shop_overcharged_wands, uniq_nergalle
Orc:2:    st_orc_pillars, layout_diamond_mine, mines4_lemuel

Skill      XL: |  1  2  3  4  5  6  7  8  9 10 11 12 13 14 15 16 17 |
---------------+----------------------------------------------------+-----
Earth Magic    | 4 5 6 7 8 10 11 12 | 12.0
Spellcasting   | 3 4 5 6 8 10 11 12 13 14 | 14.8
Conjurations   | 1 3 5 7 9 10 11 13 | 13.5
Summonings     | 3 5 9 11 13 15 17 18 | 18.9
Fire Magic     | 6 8 |  8.1
Fighting       | 5 6 7 |  7.2
Shields        | 4 |  4.0
Dodging        | |  1.5
Stealth        | |  2.1
Transmutations | |  0.7

Action                     |  1- 3 |  4- 6 |  7- 9 | 10-12 | 13-15 | 16-18 || total
---------------------------+-------+-------+-------+-------+-------+-------++-------
  Melee: Dagger            |   108 |   104 |    47 |     3 |    32 |       ||   294
         Punch             |     1 |       |       |       |       |       ||     1
         Trident           |       |       |     4 |     4 |       |       ||     8
         Staff             |       |       |       |     6 |    26 |    31 ||    63
   Cast: Sandblast         |    19 |    56 |    90 |    64 |   180 |    48 ||   457
         Stone Arrow       |       |       |    58 |   243 |   492 |   257 ||  1050
         Brom's Barrelling |       |       |       |    23 |    16 |       ||    39
         Fireball          |       |       |       |       |    78 |     9 ||    87
         Flame Wave        |       |       |       |       |    18 |     8 ||    26
         Passwall          |       |       |       |       |     2 |       ||     2
         Animate Armour    |       |       |       |       |     5 |       ||     5
         Bombard           |       |       |       |       |    71 |    74 ||   145
         Summon Hydra      |       |       |       |       |       |    55 ||    55
         Freezing Cloud    |       |       |       |       |       |    34 ||    34
         Monstrous Menager |       |       |       |       |       |     1 ||     1
  Evoke: Wand              |       |     3 |       |       |     1 |       ||     4
    Use: Scroll            |       |       |    16 |    15 |    19 |     7 ||    57
         Potion            |       |       |       |     2 |     5 |     9 ||    16
   Stab: Sleeping          |     4 |     1 |     3 |     1 |       |       ||     9
 Armour: Robe              |    71 |    66 |   109 |       |       |       ||   246
         Skin              |       |     1 |       |       |       |       ||     1
         Steam dragon scal |       |       |     5 |   119 |   456 |   492 ||  1072
  Dodge: Dodged            |    63 |    61 |    55 |    83 |   275 |   222 ||   759
  Block: Other             |    21 |    28 |    24 |    44 |    35 |       ||   152
         Reflection        |       |       |     1 |     5 |     6 |    42 ||    54
         Buckler           |       |       |       |     2 |   165 |   243 ||   410

Table legend: (Time is in decaauts)
 A = Elapsed time spent in this place.
 B = Non-inter-level travel time spent in this place.
 C = Inter-level travel time spent in this place.
 D = Time resting spent in this place.
 E = Time spent auto-exploring this place.
 F = Levels seen in this place.
 G = Mean time per level.
                   A        B        C        D        E       F      G
               +--------+--------+--------+--------+--------+-----+--------+
         Total |  48603 |  45775 |   2828 |  21209 |  16031 |  29 | 1676.0 |
       Dungeon |  22648 |  21243 |   1405 |   8096 |   9451 |  15 | 1509.9 |
        Temple |     18 |     10 |      8 |      0 |      0 |   1 |   18.0 |
          Lair |  12003 |  10965 |   1038 |   5486 |   3170 |   5 | 2400.6 |
        Shoals |   8541 |   8358 |    183 |   4559 |   2435 |   4 | 2135.2 |
   Spider Nest |    391 |    382 |      9 |    193 |     41 |   1 |  391.0 |
  Orcish Mines |   4883 |   4698 |    185 |   2875 |    854 |   2 | 2441.5 |
        Bazaar |    117 |    117 |      0 |      0 |     80 |   1 |  117.0 |
               +--------+--------+--------+--------+--------+-----+--------+

Top non-repeatable levels by time:
     D:9: 3920 daAuts
   Orc:2: 3616 daAuts
  Lair:2: 2866 daAuts
  Lair:3: 2828 daAuts
  Lair:1: 2787 daAuts
Shoals:1: 2563 daAuts
Shoals:4: 2179 daAuts
Shoals:3: 2171 daAuts
    D:11: 1978 daAuts
  Lair:5: 1978 daAuts
    D:12: 1860 daAuts
    D:14: 1709 daAuts
Shoals:2: 1627 daAuts
  Lair:4: 1542 daAuts
     D:5: 1519 daAuts
